 Dungeon Crawl Stone Soup version 0.26-a0-651-gb41185065b (webtiles) character file.

Game seed: 7342150475117570061

7511 Mesmaeker13 the Ducker (level 10, -8/73 HPs)
             Began as a Palentonga Hedge Wizard on Oct 19, 2020.
             Was a Priest of Elyvilon.
             Impaled on a porcupine's spines (9 damage)
             ... on level 1 of the Lair of Beasts on Oct 25, 2020.
             The game lasted 00:37:58 (20566 turns).

Mesmaeker13 the Ducker (Palentonga Hedge Wizard)   Turns: 20566, Time: 00:37:58

Health: -8/73      AC:  7    Str: 10    XL:     10   Next: 95%
Magic:  23/25      EV: 12    Int: 23    God:    Elyvilon [***...]
Gold:   729        SH:  0    Dex: 10    Spells: 8/17 levels left

rFire    . . .     SeeInvis +   w - +2 short sword (venom)
rCold    . . .     Faith    .   (no shield)
rNeg     + . .     Spirit   .   b - +0 robe
rPois    +         Reflect  .   c - +0 hat
rElec    .         Harm     .   a - +0 cloak
rCorr    .         Rampage  .   m - +1 pair of gloves
MR       +....                  (no barding)
Stlth    +.........             g - amulet of magic regeneration
HPRegen  0.22/turn              M - ring of Gaph {rPois rN+ MR+ MP+9 Str-4}
MPRegen  0.44/turn              k - +6 ring of intelligence

@: no status effects
A: large, rugged brown scales 3, see invisible, deformed body, roll, armoured
tail
a: Rolling Charge, Lesser Healing, Heal Other, Purification, Divine Protection,
Renounce Religion


You were on level 1 of the Lair of Beasts.
You worshipped Elyvilon.
Elyvilon was most pleased with you.
You visited 3 branches of the dungeon, and saw 13 of its levels.

You collected 729 gold pieces.

Inventory:

Hand Weapons
 w - a +2 short sword of venom (weapon)
 x - a cursed +3 falchion of freezing
 I - a +1 halberd of venom
Missiles
 H - 39 poisoned darts (quivered)
Armour
 a - a +0 cloak (worn)
 b - a +0 robe (worn)
 c - a +0 hat (worn)
 f - a +0 troll leather armour
 l - a +0 kite shield
 m - a +1 pair of gloves (worn)
Jewellery
 g - an amulet of magic regeneration (around neck)
 k - a +6 ring of intelligence (right hand)
 n - a +4 ring of protection
 G - an uncursed ring of protection from fire
 M - the ring of Gaph (left hand) {rPois rN+ MR+ MP+9 Str-4}
   (You found it on level 10 of the Dungeon)

   [ring of protection from magic]

   It affects your strength (-4).
   It protects you from poison.
   It protects you from negative energy.
   It affects your resistance to hostile enchantments.
   It affects your magic capacity (+9).
Wands
 F - a wand of digging (4)
 N - a wand of paralysis (5)
Scrolls
 d - a scroll of teleportation
 h - 5 scrolls of enchant armour
 j - 2 scrolls of fog
 o - 2 scrolls of magic mapping {unknown}
 s - 2 scrolls of enchant weapon {unknown}
 t - 6 scrolls of remove curse
 y - a scroll of vulnerability {unknown}
 C - a scroll of holy word {unknown}
 D - 2 scrolls of amnesia {unknown}
 E - 2 scrolls of random uselessness {unknown}
 L - a scroll of brand weapon {unknown}
 O - 2 scrolls of torment {unknown}
Potions
 e - 5 potions of curing
 i - 5 potions of haste
 p - 3 potions of stabbing
 q - 2 potions of lignification
 r - a potion of brilliance
 u - 2 potions of mutation {unknown}
 v - 2 potions of might {unknown}
 z - 3 potions of flight
 A - a potion of invisibility
 B - a potion of resistance {unknown}
 J - a potion of magic
 K - a potion of heal wounds {unknown}


   Skills:
 + Level 1.8 Armour
 - Level 7.0 Dodging
 - Level 1.2 Stealth
 - Level 4.0 Spellcasting
 + Level 6.2 Conjurations
 - Level 5.9 Summonings
   Level 1.0 Translocations
 - Level 5.7 Fire Magic
 + Level 3.4 Air Magic
 + Level 5.0 Poison Magic


You had 8 spell levels left.
You knew the following spells:

 Your Spells              Type           Power        Failure   Level
a - Magic Dart            Conj           ####         1%          1
b - Call Imp              Summ           ####....     1%          2
c - Conjure Flame         Conj/Fire      ####....     2%          3
d - Mephitic Cloud        Conj/Pois/Air  ####....     4%          3

Your spell library contained the following spells:

 Spells                   Type           Power        Failure   Level
 Beastly Appendage        Tmut           #.....       11%         1
 Blink                    Tloc           N/A          11%         2
 Spider Form              Tmut/Pois      ###.......   11%         3
 Slow                     Hex            #.......     16%         2
 Wereblood                Tmut           #.......     16%         2
 Ice Form                 Ice/Tmut       #.......     71%         4
 Blade Hands              Tmut           #.........   96%         5


Dungeon Overview and Level Annotations

Branches:
Dungeon (11/15)            Temple (1/1) D:7            Lair (1/6) D:8
    Orc (0/2) D:11

Altars:
Ashenzari
Cheibriados
Dithmenos
Elyvilon
Fedhas
Gozag
Hepliaklqana
Makhleb
Okawaru
Ru
Trog
Xom
Yredelemnul
The Shining One

Annotations:
D:3 1 exclusion, Sigmund
D:4 2 transporters, 2 exclusions, Flugslaktarn's ghost, weakling DDFi
D:9 3 runed translucent doors, exclusion: obsidian statue, raph's ghost, journeyman TrBe


Innate Abilities, Weirdness & Mutations

You are completely covered in rugged brown scales. (AC +3, +7% HP)
You have supernaturally acute eyesight. (SInv)
Armour fits poorly on your strangely shaped body.
You can roll at foes to attack.
You have a long armoured tail.


Message History

Aiming: Mephitic Cloud (dangerous; 4% risk of failure)
Press: ? - help, Shift-Dir - straight line, f - porcupine
Aim: a porcupine The ball explodes into a vile cloud!
The stinking cloud engulfs the porcupine but does no damage.
The stinking cloud engulfs you but does no damage.
You hear a loud, deep croak!
You hear a roar!
The porcupine is engulfed in noxious fumes.
The porcupine appears confused.
The porcupine bites you!
* * * LOW HITPOINT WARNING * * *
Unknown command.
You hit the porcupine.
The porcupine is poisoned.
The porcupine is moderately wounded.
The porcupine is engulfed in noxious fumes.
The porcupine appears confused.
The porcupine is engulfed in noxious fumes.
The porcupine appears confused.
The porcupine bites you!
* * * LOW HITPOINT WARNING * * *
You are struck by the porcupine's spines.
You die...

..... ...... #...
.....# #
#...#..S#.#..
#.#..#....... .
#...P.....#... ..
#.............
...##........#...
.......r#####.#..
...##.°@# #......
.. #..☼##....#
##...#....#.. ...
#........... ...
#.....#......
>.>.##....... F#.#
........P###.# ..#
.....#....# .#...#
..........##......


You could see a water moccasin and a porcupine (confused, very poisoned).

Vanquished Creatures
  A two-headed ogre (D:8)
  A komodo dragon (D:8)
  2 trolls
  A hippogriff (D:11)
  9 yaks
  2 wyverns
  Grum (D:8)
  6 orc warriors
  A phantom (D:7)
  2 sky beasts
  2 ogres
  2 wolves (D:8)
  3 centaurs
  4 bullfrogs
  A gnoll sergeant (D:7)
  4 scorpions
  A water moccasin zombie (D:10)
  5 killer bees
  6 wights (D:6)
  4 howler monkeys
  2 centaur zombies
  12 orc priests
  4 hounds
  3 jellies
  9 orc wizards
  5 centaur skeletons
  5 iguanas
  Natasha (D:3)
  9 worker ants
  A hound skeleton (D:8)
  A howler monkey zombie (D:5)
  6 adders
  4 gnolls
  A shadow imp (D:9)
  3 white imps
  2 ufetubi
  2 oozes
  2 adder skeletons (D:8)
  2 worms
  2 dart slugs (D:1)
  3 leopard geckos
  22 orcs
  2 ball pythons
  8 giant cockroaches
  5 goblins
  10 hobgoblins
  4 jackals
  3 quokkas
  8 bats
  7 frilled lizards
  9 kobolds
  A quokka skeleton (D:4)
  4 rats
220 creatures vanquished.

Vanquished Creatures (collateral kills)
  An orc warrior (D:5)
  2 ogres
  A centaur (D:7)
  A bullfrog (D:6)
  4 wights (D:6)
  2 howler monkeys
  An orc priest (D:6)
  3 hounds
  4 orc wizards
  A quasit (D:5)
  Terence (D:2)
  An iguana (D:4)
  Natasha (twice) (D:3)
  2 worker ants (D:4)
  3 adders
  A shadow imp (D:5)
  An ufetubus (D:6)
  An adder zombie (D:6)
  A worm (D:3)
  2 leopard geckos
  8 orcs
  A giant cockroach (D:6)
  3 jackals (D:4)
  2 goblins (D:3)
  A leopard gecko skeleton (D:6)
  A quokka zombie (D:6)
  A rat (D:3)
52 creatures vanquished.

Vanquished Creatures (others)
  33 plants (D:8)
33 creatures vanquished.

Grand Total: 305 creatures vanquished

Notes
Turn   | Place    | Note
-------+----------+-------------------------------------------
     0 | D:1      | Mesmaeker13 the Palentonga Hedge Wizard began the quest for
                  | the Orb.
     0 | D:1      | Reached XP level 1. HP: 14/14 MP: 4/4
    55 | D:1      | Reached skill level 1 in Conjurations
   242 | D:1      | Reached XP level 2. HP: 20/21 MP: 1/6
   356 | D:1      | Reached skill level 2 in Dodging
   883 | D:1      | Reached XP level 3. HP: 24/27 MP: 2/7
  1309 | D:2      | Noticed Terence
  1319 | D:2      | Learned a level 2 spell: Call Imp
  1325 | D:2      | Killed Terence
  2229 | D:2      | Reached skill level 1 in Summonings
  2314 | D:2      | Reached XP level 4. HP: 31/35 MP: 0/9
  2583 | D:2      | Found a burning altar of Makhleb.
  3738 | D:3      | Noticed Sigmund
  3843 | D:3      | Reached XP level 5. HP: 40/40 MP: 4/10
  4158 | D:3      | Noticed Natasha
  4176 | D:3      | Killed Natasha
  4582 | D:4      | Learned a level 3 spell: Conjure Flame
  5043 | D:3      | Noticed Natasha
  5056 | D:3      | Killed Natasha
  5577 | D:3      | Noticed Natasha
  5585 | D:3      | Killed Natasha
  5585 | D:3      | Reached skill level 3 in Dodging
  6467 | D:4      | Reached XP level 6. HP: 48/48 MP: 3/12
  7276 | D:4      | Noticed Flugslaktarn's ghost (weakling DDFi)
  7277 | D:4      | Found a transporter.
  7285 | D:4      | Found a transporter.
  7438 | D:4      | Noticed a sky beast
  7613 | D:5      | Entered Level 5 of the Dungeon
  8013 | D:5      | Noticed an orc warrior
  8025 | D:5      | Killed an orc warrior
  8025 | D:5      | Reached skill level 1 in Fire Magic
  8025 | D:5      | Reached XP level 7. HP: 53/53 MP: 2/13
  9207 | D:6      | Reached skill level 4 in Dodging
  9757 | D:6      | Found a hazy altar of Hepliaklqana.
  9780 | D:6      | Reached XP level 8. HP: 60/60 MP: 14/14
 10205 | D:6      | Found a bloodstained altar of Trog.
 10282 | D:6      | Found a sacrificial altar of Ru.
 10561 | D:7      | Found a staircase to the Ecumenical Temple.
 10984 | D:6      | Learned a level 3 spell: Mephitic Cloud
 11565 | D:7      | Reached skill level 5 in Conjurations
 11894 | D:7      | Reached skill level 5 in Dodging
 12260 | D:7      | Found a broken altar of Ashenzari.
 12501 | Temple   | Entered the Ecumenical Temple
 12521 | Temple   | Became a worshipper of Elyvilon the Healer
 12844 | D:8      | Reached XP level 9. HP: 66/66 MP: 15/15
 12963 | D:8      | Noticed a two-headed ogre
 13016 | D:8      | Reached skill level 1 in Poison Magic
 13291 | D:8      | Found a staircase to the Lair.
 13292 | D:8      | Noticed a komodo dragon
 13386 | D:8      | Found an iron altar of Okawaru.
 13458 | D:8      | Reached skill level 5 in Summonings
 14017 | D:8      | Killed a two-headed ogre
 14414 | D:8      | Noticed Grum
 14441 | D:8      | Killed Grum
 14441 | D:8      | Reached skill level 6 in Dodging
 14844 | D:8      | Killed a komodo dragon
 14844 | D:8      | Reached skill level 5 in Fire Magic
 15357 | D:9      | HP: 3/66 [orc warrior/+0 long sword (13)]
 15864 | D:9      | Reached XP level 10. HP: 70/73 MP: 13/16
 15889 | D:9      | Got an ichor-stained ring mail
 15906 | D:9      | Identified the cursed +0 ring mail "Cake" {rF+} (You found
                  | it on level 9 of the Dungeon)
 16220 | D:9      | Found a runed translucent gate.
 16223 | D:9      | Found a runed translucent gate.
 16223 | D:9      | Found an opulent altar of Gozag.
 16223 | D:9      | Noticed an obsidian statue
 16224 | D:9      | Found a runed translucent gate.
 16226 | D:9      | Noticed a fire crab
 16227 | D:9      | Noticed raph's ghost (journeyman TrBe)
 16300 | D:9      | Reached * piety under Elyvilon
 16520 | D:9      | Reached skill level 1 in Air Magic
 17282 | D:10     | Entered Level 10 of the Dungeon
 18033 | D:10     | Reached ** piety under Elyvilon
 18574 | D:10     | Got a fine copper ring
 18782 | D:10     | Reached skill level 7 in Dodging
 19294 | D:11     | Identified the ring of Gaph {rPois rN+ MR+ MP+9 Str-4} (You
                  | found it on level 10 of the Dungeon)
 19505 | D:11     | Reached *** piety under Elyvilon
 19555 | D:11     | Reached skill level 1 in Armour
 19732 | D:11     | Found a staircase to the Orcish Mines.
 20075 | D:11     | Reached skill level 5 in Poison Magic
 20545 | Lair:1   | Entered Level 1 of the Lair of Beasts
 20545 | Lair:1   | Noticed a six-headed hydra
 20559 | Lair:1   | Noticed a cane toad
 20565 | Lair:1   | HP: 1/73 [porcupine (11)]
 20566 | Lair:1   | Impaled on a porcupine's spines

Illustrated notes

Levels and vault maps discovered:
D:1:      giann_bridges, layout_loops_ring, serial_bayou_crossing
D:2:      kennysheep_six_static_rooms, layout_basic,
          makhleb_blood_cavern_becter, uniq_terence
D:3:      minmay_skewed_foursquare, layout_loops_corners,
          hangedman_feature_mirror, st_stairs_7, minmay_circle_x, uniq_natasha,
          uniq_sigmund
D:4:      layout_basic, gammafunk_ghost_smash
D:5:      layout_rooms, serial_park_tiny_1
D:6:      layout_cave_pools, nicolae_overflow_hidden_temple,
          nicolae_ru_path_of_blood, lemuel_round_altar
D:7:      nicolae_whirlpool, layout_cave_pools, evilmike_ruin_ashenzari,
          minmay_temple_entry_mist
D:8:      layout_gridville, kennysheep_mini_moat, david_lair_shrubbed, uniq_grum
D:9:      layout_layer_cave, ebering_ghost_gozag
D:10:     layout_stronghold, minivault_23
D:11:     layout_roguey, orc_0_dummy
Temple:   compressed_dpeg_circular_temple
Lair:1:   layout_misc_corridors, gammafunk_ghost_hydra_chop, grunt_megastairs_3

Skill      XL: |  1  2  3  4  5  6  7  8  9 10 |
---------------+-------------------------------+-----
Conjurations   | 1 2 3 4 5 6 |  6.2
Dodging        | 2 3 4 5 6 7 |  7.0
Summonings     | 1 2 3 4 5 |  5.9
Spellcasting   | 4 |  4.0
Fire Magic     | 1 2 3 5 |  5.7
Poison Magic   | 3 5 |  5.0
Air Magic      | 3 |  3.4
Armour         | 1 |  1.8
Stealth        | |  1.2
Translocations | |  1.0

Action                   |  1- 3 |  4- 6 |  7- 9 | 10-12 || total
-------------------------+-------+-------+-------+-------++-------
Melee: Spear             |    45 |       |    29 |       ||    74
       Tailslap          |     2 |     7 |    36 |    30 ||    75
       Quarterstaff      |     4 |    74 |    14 |       ||    92
       Short sword       |       |       |   172 |   142 ||   314
       Halberd           |       |       |    37 |    53 ||    90
Throw: Throwing net      |       |     3 |       |       ||     3
       Dart              |       |       |    17 |    29 ||    46
 Cast: Magic Dart        |    92 |    94 |   129 |    57 ||   372
       Call Imp          |     1 |    87 |    89 |       ||   177
       Mephitic Cloud    |       |       |    34 |    41 ||    75
       Conjure Flame     |       |       |     7 |    23 ||    30
 Abil: Rolling Charge    |     1 |       |       |       ||     1
Evoke: Wand              |       |       |     3 |     5 ||     8
  Use: Scroll            |     5 |     8 |     5 |     4 ||    22
       Potion            |       |     4 |     1 |       ||     5
 Stab: Distracted        |       |     1 |     2 |       ||     3
       Confused          |       |       |     5 |    11 ||    16
       Sleeping          |       |       |       |     1 ||     1
Armor: Robe              |    25 |    66 |    73 |    70 ||   234
Dodge: Dodged            |    25 |    78 |   206 |   143 ||   452

Table legend: (Time is in decaauts)
 A = Elapsed time spent in this place.
 B = Non-inter-level travel time spent in this place.
 C = Inter-level travel time spent in this place.
 D = Time resting spent in this place.
 E = Time spent auto-exploring this place.
 F = Levels seen in this place.
 G = Mean time per level.
                   A        B        C        D        E       F      G
               +--------+--------+--------+--------+--------+-----+--------+
         Total |  20688 |  19952 |    736 |   9232 |   7548 |  13 | 1591.4 |
       Dungeon |  20631 |  19909 |    722 |   9232 |   7534 |  11 | 1875.5 |
        Temple |     35 |     21 |     14 |      0 |     14 |   1 |   35.0 |
          Lair |     20 |     20 |      0 |      0 |      0 |   1 |   20.0 |
               +--------+--------+--------+--------+--------+-----+--------+

Top non-repeatable levels by time:
     D:6: 2882 daAuts
     D:8: 2591 daAuts
     D:3: 2521 daAuts
     D:9: 2383 daAuts
     D:2: 2104 daAuts
     D:4: 1721 daAuts
    D:10: 1690 daAuts
     D:1: 1284 daAuts
     D:5: 1214 daAuts
    D:11: 1152 daAuts
     D:7: 1084 daAuts
  Temple: 35 daAuts
  Lair:1: 20 daAuts
